 Dungeon Crawl Stone Soup version 0.32-a0-607-g64ea0e4219 (webtiles) character file.

Game seed: 18320355584744874729

60 ezpacito the Trooper (level 4, 0/35 HPs)
             Began as a Coglin Chaos Knight on Mar 3, 2024.
             Was a Plaything of Xom.
             Slain by an ufetubus (1 damage)
             ... summoned by Xom
             ... on level 3 of the Dungeon.
             The game lasted 00:01:45 (1814 turns).

ezpacito the Trooper (Coglin Chaos Knight)          Turns: 1814, Time: 00:01:45

Health: 0/35       AC:  5    Str: 15    XL:     4   Next: 4%
Magic:  4/4        EV: 11    Int: 11    God:    Xom [.*....]
Gold:   212        SH:  0    Dex: 13    Spells: 3/3 levels left

rFire   + . .        a - +0 hand axe (chaos) {Constanze}
rCold   + + .        k - +0 spear {Rafael}
rNeg    . . .        b - +2 leather armour
rPois   +            (no helmet)
rElec   +            (no cloak)
rCorr   +            (no gloves)
SInv    .            (no boots)
Will    +....        (amulet unavailable)
Stlth   +            (ring unavailable)
HPRegen 1.05/turn    (ring unavailable)
MPRegen 0.09/turn    (no gizmo)

%: no passive effects
@: resistant, fugue, on berserk cooldown, slowed, revved, very slow
A: off-hand wielding, slow wielding, warmup strikes, no jewellery, cold
resistance 1, strong-willed 1, regeneration 1
a: Invent Gizmo, Renounce Religion


You were on level 3 of the Dungeon.
You worshipped Xom.
You were a plaything of Xom.
You visited 1 branch of the dungeon, and saw 3 of its levels.

You collected 212 gold pieces.

Inventory:

Hand Weapons
 a - a +0 hand axe of chaos (weapon) {Constanze}
 k - a +0 spear (offhand) {Rafael}
Missiles
 i - 2 curare-tipped darts
 q - 4 boomerangs
 s - 5 poisoned darts
Armour
 b - a +2 leather armour (worn)
 g - a +0 scale mail
Talismans
 j - a serpent talisman
Scrolls
 f - a scroll of identify {unknown}
 h - a scroll of poison {unknown}
 l - 3 scrolls of vulnerability {unknown}
 m - a scroll of teleportation {unknown}
 o - a scroll of blinking {unknown}
Potions
 e - a potion of cancellation {unknown}
 n - a potion of resistance
 r - a potion of berserk rage
 t - a potion of degeneration {unknown}


   Skills:
 * Level 3.3 Fighting
 * Level 3.3(3.4) Axes
 + Level 1.0(2.1) Polearms
 * Level 2.1 Armour
 * Level 1.7 Dodging
 + Level 0.4 Stealth
 + Level 0.4 Spellcasting


You had 3 spell levels left.
You didn't know any spells.
Your spell library was empty.

Dungeon Overview and Level Annotations

Branches:
Dungeon (3/15)

Altars:
Kikubaaqudgha
Wu Jian

Annotations:
D:3 Sigmund


Innate Abilities, Weirdness & Mutations

You can wield a second weapon in your off-hand.
It takes a long time for you to wield or remove held weapons.
Your first few attacks do less damage.
You cannot equip rings or amulets.
Your flesh is cold resistant. (rC+)
You are strong-willed. (Will+)
Your natural rate of healing is unusually fast.


Message History

"Time to have some fun!"
Sigmund hits you but does no damage.
You regained 8 hp, and now have 21/35 hp.
You hit Sigmund but do no damage.
Sigmund is lightly wounded.
You hit Sigmund but do no damage.
Sigmund's magic is no longer disrupted.
Sigmund barely misses you. The shadow imp gestures at you.
Your butterfly writhes in agony.
Your butterfly dies!
Your butterfly disappears in a burst of colours!
The white imp gestures at you. The puff of frost hits you. You resist.
The ufetubus hits you but does no damage.
The ufetubus barely misses you.
You take 2 damage, and have 19/35 hp.
You hit Sigmund with your +0 spear.
Sigmund is moderately wounded.
You hit Sigmund but do no damage.
You hit the ufetubus with your +0 hand axe of chaos.
The ufetubus closely misses you. The ufetubus misses you.
Sigmund hits you with a +0 scythe.
The ufetubus hits you but does no damage.
The ufetubus hits you.
The white imp shouts, "Scamper hence, thou bawdy hasty-witted haggard!"
The shadow imp hits you.
You take 6 damage, and have 13/35 hp.
You hit Sigmund but do no damage.
Sigmund becomes as fragile as glass!
Sigmund is moderately wounded.
You barely miss the ufetubus with your +0 hand axe of chaos.
You closely miss the shadow imp with your +0 hand axe of chaos.
You barely miss Sigmund with your +0 spear.
The ufetubus hits you. The ufetubus barely misses you.
Sigmund hits you with a +0 scythe!
* * * LOW HITPOINT WARNING * * *
The ufetubus hits you.
* * * LOW HITPOINT WARNING * * *
The ufetubus hits you.
You die...
Xom chortles!

#........#.# ##.
###......... #..
#.######.#. #b#
#.# #.#.
#.######.######...
#.#........)......
#
#.#b####.#######..
#b##@#.# #.#
#.....
#.bb@55####.#
#.##..
####5###....#
#.##.# #.# #.##.#
#.##.. #.###b##.#
#.##..
#...b.b#†####.##..
#####.b#..........
#.......#..#.#
##.####.##.#.# #.#
#.##.#.#


You could see Sigmund (ally target, vitrified), a white imp (summoned), a shadow
imp (summoned) and an ufetubus (summoned).

Vanquished Creatures
  An adder (D:3)
  A gnoll (D:1)
  2 endoplasms
  3 giant cockroaches
  5 goblins
  9 hobgoblins
  4 jackals (D:2)
  2 quokkas (D:3)
  A ball python (D:3)
  A frilled lizard (D:3)
  3 kobolds
  2 rats (D:2)
34 creatures vanquished.

Notes
Turn   | Place    | Note
-------+----------+-------------------------------------------
     0 | D:1      | ezpacito the Coglin Chaos Knight began the quest for the
                  | Orb.
     0 | D:1      | Reached XP level 1. HP: 18/18 MP: 1/1
    44 | D:1      | Reached skill level 1 in Dodging
   109 | D:1      | XOM: silly message
   115 | D:1      | Reached XP level 2. HP: 23/24 MP: 2/2
   562 | D:1      | XOM: silly message
   720 | D:2      | Reached XP level 3. HP: 29/29 MP: 3/3
   990 | D:2      | Found a faded altar of an unknown god.
  1445 | D:3      | Found an ornate altar of the Wu Jian Council.
  1445 | D:3      | Found an ancient bone altar of Kikubaaqudgha.
  1624 | D:3      | Reached XP level 4. HP: 21/35 MP: 4/4
  1743 | D:3      | Reached skill level 1 in Polearms
  1794 | D:3      | Noticed Sigmund
  1806 | D:3      | XOM: cast spell 'Fugue of the Fallen'
  1810 | D:3      | Gained mutation: You are strong-willed. (Will+) [potion of
                  | mutation]
  1810 | D:3      | Gained mutation: Your flesh is cold resistant. (rC+)
                  | [potion of mutation]
  1810 | D:3      | Gained mutation: Your natural rate of healing is unusually
                  | fast. [potion of mutation]
  1811 | D:3      | XOM: summons 3 hostile demons
  1814 | D:3      | HP: 1/35 [ufetubus[Xom] (3)]
  1814 | D:3      | Slain by an ufetubus

Illustrated notes

Levels and vault maps discovered:
D:1:      minmay_arrival_checkered_box, layout_loops_ring
D:2:      layout_basic, shapermc_ecumenical_altar_pompeii
D:3:      layout_loops_ring, jmf_multi_god_temple, uniq_sigmund

Skill      XL: |  1  2  3  4 |
---------------+-------------+-----
Dodging        | 1 |  1.7
Armour         | 2 |  2.1
Polearms       | 1 |  1.0
Fighting       | |  3.3
Axes           | |  3.3
Stealth        | |  0.4
Spellcasting   | |  0.4

Action                     |  1- 3 |  4- 6 || total
---------------------------+-------+-------++-------
  Melee: Dagger            |    18 |       ||    18
         Hand axe          |    54 |     6 ||    60
         Spear             |    40 |    11 ||    51
    Use: Potion            |       |     4 ||     4
         Scroll            |       |     1 ||     1
   Stab: Confused          |     2 |       ||     2
         Sleeping          |       |     1 ||     1
 Armour: Leather armour    |    51 |    16 ||    67
  Dodge: Dodged            |    38 |     8 ||    46

Table legend: (Time is in decaauts)
 A = Elapsed time spent in this place.
 B = Non-inter-level travel time spent in this place.
 C = Inter-level travel time spent in this place.
 D = Time resting spent in this place.
 E = Time spent auto-exploring this place.
 F = Levels seen in this place.
 G = Mean time per level.
                   A        B        C        D        E       F      G
               +--------+--------+--------+--------+--------+-----+--------+
         Total |   1821 |   1720 |    101 |      0 |   1385 |   3 |  607.0 |
       Dungeon |   1821 |   1720 |    101 |      0 |   1385 |   3 |  607.0 |
               +--------+--------+--------+--------+--------+-----+--------+

Top non-repeatable levels by time:
     D:2: 699 daAuts
     D:1: 598 daAuts
     D:3: 523 daAuts
